 Dungeon Crawl Stone Soup version 0.30-a0-777-ga9a30cbeda (webtiles) character file.

Game seed: 13564552459998320986

180 bande the Trooper (level 5, -14/33 HPs)
             Began as a Gargoyle Fighter on Feb 14, 2023.
             Demolished by an ogre
             ... wielding a +0 giant club
              (25 damage)
             ... on level 3 of the Dungeon.
             The game lasted 00:03:14 (2916 turns).

bande the Trooper (Gargoyle Fighter)                Turns: 2916, Time: 00:03:14

Health: -14/33     AC: 12    Str: 20    XL:     5   Next: 60%
Magic:  5/5        EV:  9    Int:  8    God:
Gold:   167        SH:  4    Dex: 11    Spells: 4/4 levels left

rFire   . . .      SeeInvis .    a - +0 war axe
rCold   . . .      Faith    .    c - +0 buckler
rNeg    + . .      Spirit   .    b - +0 scale mail
rPois   ∞          Reflect  .    (no helmet)
rElec   +          Harm     .    (no cloak)
rCorr   .          Rampage  .    (no gloves)
Will    .....                    g - +0 pair of boots Stlth
                                 (no amulet)
HPRegen 0.25/turn                (no ring)
MPRegen 0.09/turn                (no ring)

@: no status effects
A: sickness immunity, AC +4, negative energy resistance 1, electricity
resistance, torment resistance 1, petrification resistance
a: no special abilities


You were on level 3 of the Dungeon.
You visited 1 branch of the dungeon, and saw 4 of its levels.

You collected 167 gold pieces.

Inventory:

Hand Weapons
 a - a +0 war axe (weapon)
 e - a +0 flail
 v - a +1 war axe of distortion
Armour
 b - a +0 scale mail (worn)
 c - a +0 buckler (worn)
 g - a +0 pair of boots (worn)
Jewellery
 s - a ring of magical power
Scrolls
 f - 2 scrolls of identify {unknown}
 h - a scroll of blinking {unknown}
 i - 7 scrolls of teleportation {unknown}
 j - a scroll of fear {unknown}
 l - a scroll of noise {unknown}
 o - a scroll of fog {unknown}
 q - 2 scrolls of vulnerability {unknown}
 u - 2 scrolls of enchant armour {unknown}
 w - a scroll of immolation {unknown}
 x - a scroll of magic mapping {unknown}
Potions
 d - a potion of might
 k - 3 potions of heal wounds {unknown}
 m - 2 potions of degeneration {unknown}
 n - a potion of lignification {unknown}
 p - a potion of haste {unknown}
 r - a potion of attraction {unknown}
 t - 2 potions of curing {unknown}


   Skills:
 + Level 4.2 Fighting
 + Level 3.8 Axes
 + Level 4.2 Armour
 + Level 3.6 Shields


You had 4 spell levels left.
You didn't know any spells.
Your spell library contained the following spells:

 Spells                   Type           Power      Damage    Failure   Level
 Ensorcelled Hibernation  Hex/Ice        0%         N/A       94%         2
 Passwall                 Tmut/Erth      0%         N/A       94%         2
 Gell's Gravitas          Tloc           0%         N/A       99%         3
 Swiftness                Air            0%         N/A       99%         3
 Teleport Other           Tloc           0%         N/A       99%         3
 Dispersal                Tloc           0%         N/A       100%        6


Dungeon Overview and Level Annotations

Branches:
Dungeon (4/15)
 Temple: D:4-7

Altars:


Innate Abilities, Weirdness & Mutations

You are immune to sickness and miasma.
Your stone body is resilient. (AC +4)
You are immune to poison.
You resist negative energy. (rN+)
You are resistant to electric shocks. (rElec)
You are resistant to unholy torment.
You are immune to petrification.


Message History

HP restored.
You start waiting.
Done waiting.
There is a stone staircase leading down here.
You climb downwards.
The orc hits you but does no damage.
There is a stone staircase leading up here.
Unknown command.
The orc barely misses you.
You climb upwards.
There is a stone staircase leading down here.
You hit the orc.
The orc is almost dead.
The orc hits you but does no damage.
You hit the orc.
You kill the orc!
No target in view!
No target in view!
No target in view!
You climb downwards.
The ogre barely misses you. The orc hits you with a +0 short sword.
The orc hits you but does no damage.
There is a stone staircase leading up here.
You block the ogre's attack. The orc hits you but does no damage.
You climb upwards.
There is a stone staircase leading down here.
You closely miss the ogre. You slash the orc!
You kill the orc!
The ogre misses you.
You hit the ogre.
The ogre is lightly wounded.
The ogre hits you but does no damage.
You barely miss the ogre.
The ogre is lightly wounded.
The ogre hits you with a +0 giant club!!
Ouch! That really hurt!
You are too injured to fight recklessly!
You slash the ogre!
The ogre is heavily wounded.
The ogre hits you with a +0 giant club!!
Ouch! That really hurt!
You die...

#..########.#.# #..# #..# #.#.#
#..##### #..# #[#.# #....... #..#
#.#.# ##.##### #..########.#.#
#.# ...##.........# ###########.#
#.###.#####.### #...........#####
............#####)###########....
....).........^O@.# #.###
####..############# #.# ####..##
#.### .....#.# #.... ####..##
##### # #.## #.#
#.###############
#...............#


You could see an ogre.

Vanquished Creatures
  A phantom (D:4)
  2 adders (D:2)
  A white imp (D:3)
  2 dart slugs
  5 orcs (D:3)
  8 ball pythons
  7 endoplasms
  5 giant cockroaches
  4 goblins
  7 hobgoblins
  A jackal (D:3)
  7 quokkas
  5 bats
  A frilled lizard (D:1)
  7 kobolds
  A rat (D:1)
64 creatures vanquished.

Notes
Turn   | Place    | Note
-------+----------+-------------------------------------------
     0 | D:1      | bande the Gargoyle Fighter began the quest for the Orb.
     0 | D:1      | Reached XP level 1. HP: 14/14 MP: 1/1
   269 | D:1      | Reached XP level 2. HP: 19/19 MP: 2/2
   645 | D:1      | Reached XP level 3. HP: 22/24 MP: 3/3
   959 | D:1      | Found a faded altar of an unknown god.
  1393 | D:2      | Reached XP level 4. HP: 29/29 MP: 4/4
  2634 | D:4      | Noticed a phantom
  2646 | D:4      | Killed a phantom
  2647 | D:4      | Reached XP level 5. HP: 28/33 MP: 5/5
  2747 | D:4      | Noticed an ogre
  2916 | D:3      | Demolished by an ogre

Illustrated notes

Levels and vault maps discovered:
D:1:      moated_graveyard_arrival, layout_basic, basic_ecumenical_altar,
          minmay_tromino_i2
D:2:      minmay_angry_zag, layout_basic
D:3:      layout_loops_ring
D:4:      layout_cave_pools

Skill      XL: |  1  2  3  4 |
---------------+-------------+-----
Axes           | 2 3 |  3.8
Fighting       | 4 |  4.2
Armour         | 4 |  4.2
Shields        | |  3.6

Action                     |  1- 3 |  4- 6 || total
---------------------------+-------+-------++-------
  Melee: War axe           |   107 |    81 ||   188
 Armour: Scale mail        |    57 |    65 ||   122
  Dodge: Dodged            |    50 |    55 ||   105
  Block: Buckler           |    25 |    25 ||    50

Table legend: (Time is in decaauts)
 A = Elapsed time spent in this place.
 B = Non-inter-level travel time spent in this place.
 C = Inter-level travel time spent in this place.
 D = Time resting spent in this place.
 E = Time spent auto-exploring this place.
 F = Levels seen in this place.
 G = Mean time per level.
                   A        B        C        D        E       F      G
               +--------+--------+--------+--------+--------+-----+--------+
         Total |   2995 |   2900 |     95 |    566 |   1812 |   4 |  748.8 |
       Dungeon |   2995 |   2900 |     95 |    566 |   1812 |   4 |  748.8 |
               +--------+--------+--------+--------+--------+-----+--------+

Top non-repeatable levels by time:
     D:1: 1077 daAuts
     D:3: 958 daAuts
     D:2: 806 daAuts
     D:4: 153 daAuts
